 Seeded DCSS version 0.30-a0-137-gd8773701ce (webtiles) character file.

Game seed: 20220921 (custom seed)

205 a11behringer the Chopper (level 5, -3/66 HPs)
             Began as a Palentonga Berserker on Sept 21, 2022.
             Was a Believer of Trog.
             Slain by an ogre
             ... wielding a +0 giant spiked club
              (27 damage)
             ... on level 4 of the Dungeon.
             The game lasted 00:07:27 (2528 turns).

a11behringer the Chopper (Palentonga Berserker)     Turns: 2528, Time: 00:07:27

Health: -3/66      AC:  6    Str: 25    XL:     5   Next: 52%
Magic:  5/5        EV:  9    Int:  7    God:    Trog [**....]
Gold:   112        SH:  0    Dex:  9    Spells: 4/4 levels left

rFire   . . .      SeeInvis +    a - +0 hand axe
rCold   . . .      Faith    .    (no shield)
rNeg    . . .      Spirit   .    c - +0 ring mail
rPois   .          Reflect  .    (no helmet)
rElec   .          Harm     .    (no cloak)
rCorr   .          Rampage  .    (no gloves)
Will    ++...                    (no barding)
Stlth   ..........               (no amulet)
HPRegen 1.21/turn                (no ring)
MPRegen 0.09/turn                (no ring)

@: berserking (expiring), strong-willed, regenerating, very quick
A: large, rugged brown scales 3, see invisible, deformed body, roll 1, armoured
tail
a: Rolling Charge, Renounce Religion, Berserk, Trog's Hand


You were on level 4 of the Dungeon.
You worshipped Trog.
Trog was pleased with you.
You visited 1 branch of the dungeon, and saw 5 of its levels.

You collected 112 gold pieces.

Inventory:

Hand Weapons
 a - a +0 hand axe (weapon)
 r - a +0 whip of flaming
Missiles
 l - 3 poisoned darts
Armour
 b - a +0 animal skin
 c - a +0 ring mail (worn)
Wands
 m - a wand of paralysis (10)
 x - a wand of flame (21)
Scrolls
 d - 6 scrolls of identify {unknown}
 f - 2 scrolls of torment {unknown}
 h - a scroll of enchant weapon {unknown}
 j - 2 scrolls of fear {unknown}
 p - 2 scrolls of magic mapping {unknown}
 q - a scroll of amnesia {unknown}
 s - a scroll of acquirement {unknown}
 y - a scroll of noise {unknown}
Potions
 e - a potion of attraction {unknown}
 g - 3 potions of might {unknown}
 i - a potion of magic {unknown}
 k - a potion of mutation {unknown}
 n - 2 potions of haste {unknown}
 o - a potion of curing {unknown}
 t - a potion of flight {unknown}
 u - a potion of cancellation {unknown}
 v - a potion of invisibility {unknown}
 w - a potion of heal wounds {unknown}


   Skills:
 + Level 4.0 Fighting
 * Level 4.1 Axes
 + Level 2.7 Armour
 + Level 2.6 Dodging


You had 4 spell levels left.
You didn't know any spells.
Your spell library was empty.

Dungeon Overview and Level Annotations

Branches:
Dungeon (5/15)
 Temple: D:4-7

Altars:
Vehumet

Shops:
D:1 [

Annotations:
D:3 2 transporters


Innate Abilities, Weirdness & Mutations

You are completely covered in rugged brown scales. (AC +3, +7% HP)
You have supernaturally acute eyesight. (SInv)
Armour fits poorly on your strangely shaped body.
You can roll at nearby foes to attack.
You have a long armoured tail.


Message History

You closely miss the adder. You barely miss the ball python.
The ball python hisses angrily.
You hit the hobgoblin. The adder closely misses you.
The gnoll hits you from afar with a +0 spear.
The hobgoblin barely misses you.
The ball python bites you but does no damage.
You barely miss the adder. You hit the hobgoblin.
You kill the hobgoblin!
Trog accepts your kill.
You closely miss the ball python. The adder bites you.
You are poisoned.
The adder poisons you! The gnoll closely misses you. x2
You barely miss the adder. You hit the ball python.
You kill the ball python!
Trog accepts your kill.
You barely miss the ogre.
You feel sick. The adder bites you but does no damage.
You barely miss the adder. You tail-slap the adder!
You kill the adder!
Trog accepts your kill.
You hit the ogre.
You feel sick.
The ogre hits you with a +0 giant spiked club!!
The gnoll misses you. The gnoll barely misses you.
You closely miss the gnoll. You tail-slap the gnoll.
The gnoll is heavily wounded.
You slash the ogre!
You feel sick. The gnoll misses you. The gnoll closely misses you.
The gnoll hits you from afar with a +0 spear.
You closely miss the gnoll.
The gnoll is heavily wounded.
You slash the ogre! You barely miss the gnoll. The ogre closely misses you.
The gnoll hits you but does no damage. The gnoll hits you with a +0 club.
The gnoll barely misses you. The gnoll hits you with a +0 flail!
You slash the gnoll!
You kill the gnoll!
Trog accepts your kill.
You barely miss the ogre. You slash the gnoll!
You feel sick.
You are no longer poisoned.
The ogre hits you with a +0 giant spiked club!!
You die...

###...# ## #....# #...#
# #..#### #...# .#... .
#...# ####.#### # #...#
#.......#
#####...#####.##.##.###
......................#
.......O.........#..#...
.....$.@.......#.#..#..#
#####..g#####.†.....#..#
#.gg# #.##...##..# #.#S#
#.##..###..# .....J
#.##..###..# #.#....
#.##.......# #.#....
#..[........ # .....
#####.####.# #.. ...#


You could see an ogre, a jelly, 3 gnolls and a ball python.

Vanquished Creatures
  An ogre (D:5)
  5 adders
  A gnoll (D:4)
  An ufetubus (D:5)
  A dart slug (D:2)
  3 endoplasms
  3 giant cockroaches
  5 goblins
  6 hobgoblins
  8 kobolds
  2 quokkas
  10 ball pythons
  7 bats
  4 frilled lizards
  2 rats
59 creatures vanquished.

Vanquished Creatures (others)
  A plant (D:1)
1 creature vanquished.

Grand Total: 60 creatures vanquished

Notes
Turn   | Place    | Note
-------+----------+-------------------------------------------
     0 | D:1      | a11behringer the Palentonga Berserker began the quest for
                  | the Orb.
     0 | D:1      | Reached XP level 1. HP: 19/19 MP: 1/1
   113 | D:1      | Reached XP level 2. HP: 24/25 MP: 2/2
   618 | D:1      | Found Vuumusi's Antique Armour Shoppe.
   747 | D:1      | Reached XP level 3. HP: 30/31 MP: 3/3
   947 | D:2      | Reached ** piety under Trog
  1697 | D:2      | Reached XP level 4. HP: 37/37 MP: 4/4
  1951 | D:3      | Noticed a kobold demonologist
  1954 | D:3      | Found a transporter.
  1957 | D:3      | Found a transporter.
  1971 | D:3      | You fall into a shaft and drop 2 floors!
  1971 | D:5      | Entered Level 5 of the Dungeon
  1989 | D:5      | Noticed an ogre
  1996 | D:5      | Killed an ogre
  1997 | D:5      | Reached XP level 5. HP: 11/44 MP: 5/5
  2001 | D:5      | HP: 2/44 [ufetubus (3)]
  2306 | D:5      | Noticed a centaur
  2389 | D:4      | Found a radiant altar of Vehumet.
  2517 | D:4      | Noticed an ogre
  2528 | D:4      | Slain by an ogre

Illustrated notes

Levels and vault maps discovered:
D:1:      saegor_arrival_simple_e, layout_basic, serial_shops, shop_statue,
          minmay_statues_item, serial_bayou_pond_a
D:2:      layout_basic
D:3:      gammafunk_wand_slinger, layout_loops_corners,
          nicolae_dithmenos_through_a_glass_darkly,
          ebering_ecumenical_altar_abandoned, guppyfry_early_lair_pool,
          uniq_crazy_yiuf_cottage
D:4:      layout_loops_cross, vehumet_altar_wand_db,
          nicolae_ossuary_entry_false_entrances
D:5:      layout_loops_corners, grunt_decor_cap, minmay_shop_damaged

Skill      XL: |  1  2  3  4  5 |
---------------+----------------+-----
Dodging        | 2 |  2.6
Armour         | 2 |  2.7
Fighting       | 4 |  4.0
Axes           | 4 |  4.1

Action                   |  1- 3 |  4- 6 || total
-------------------------+-------+-------++-------
Melee: Hand axe          |    95 |    46 ||   141
       Tailslap          |    12 |     4 ||    16
       Punch             |     1 |       ||     1
Invok: Berserk           |     1 |     2 ||     3
       Trog's Hand       |       |     2 ||     2
Armor: Ring mail         |    38 |    36 ||    74
Dodge: Dodged            |    47 |    39 ||    86

Table legend: (Time is in decaauts)
 A = Elapsed time spent in this place.
 B = Non-inter-level travel time spent in this place.
 C = Inter-level travel time spent in this place.
 D = Time resting spent in this place.
 E = Time spent auto-exploring this place.
 F = Levels seen in this place.
 G = Mean time per level.
                   A        B        C        D        E       F      G
               +--------+--------+--------+--------+--------+-----+--------+
         Total |   2558 |   2248 |    310 |      0 |   1871 |   5 |  511.6 |
       Dungeon |   2558 |   2248 |    310 |      0 |   1871 |   5 |  511.6 |
               +--------+--------+--------+--------+--------+-----+--------+

Top non-repeatable levels by time:
     D:1: 1096 daAuts
     D:2: 794 daAuts
     D:5: 351 daAuts
     D:4: 214 daAuts
     D:3: 101 daAuts
